 Seeded DCSS version 0.28.0-43-g3370ac3207 (webtiles) character file.

Game seed: 7121082916606783627 (custom seed)

11 gzilladon the Chopper (level 2, -1/27 HPs)
             Began as a Hill Orc Monk on Mar 29, 2022.
             Was a Believer of Beogh.
             Slain by a worm (3 damage)
             ... on level 2 of the Dungeon.
             The game lasted 00:01:15 (253 turns).

gzilladon the Chopper (Hill Orc Monk)                Turns: 253, Time: 00:01:15

Health: -1/27      AC:  3    Str: 13    XL:     2   Next: 25%
Magic:  2/2        EV: 12    Int: 10    God:    Beogh [**....]
Gold:   24         SH:  0    Dex: 13    Spells: 1/1 levels left

rFire   . . .      SeeInvis +   a - +0 hand axe
rCold   . . .      Faith    .   (no shield)
rNeg    . . .      Spirit   .   d - +0 leather armour
rPois   .          Reflect  .   (no helmet)
rElec   .          Harm     .   (no cloak)
rCorr   .          Rampage  .   (no gloves)
Will    .....                   (no boots)
Stlth   ++........              (no amulet)
HPRegen 0.09/turn               e - ring of see invisible
MPRegen 0.08/turn               (no ring)

@: no status effects
A: no striking features
a: Renounce Religion, Smiting


You were on level 2 of the Dungeon.
You worshipped Beogh.
Beogh was pleased with you.
You visited 1 branch of the dungeon, and saw 3 of its levels.

You collected 24 gold pieces.

Inventory:

Hand Weapons
 a - a +0 hand axe (weapon)
Missiles
 c - 25 stones (quivered)
Armour
 b - a +0 robe
 d - a +0 leather armour (worn)
Jewellery
 e - a ring of see invisible (left hand)


   Skills:
 + Level 3.9 Fighting
 * Level 4.4 Axes
 + Level 2.5 Dodging
 + Level 1.6 Stealth


You had one spell level left.
You didn't know any spells.
Your spell library was empty.

Dungeon Overview and Level Annotations

Branches:
Dungeon (3/15)

Altars:
Uskayaw


Message History

You closely miss the ball python. The ball python closely misses you.
The ball python constricts you.
You hit the ball python.
You kill the ball python!
Beogh accepts your kill.
You now have 24 gold pieces (gained 14).
A kobold comes into view. It is wielding a +0 dagger.
Found an escape hatch in the ceiling.
The kobold shouts!
You hear an angry hiss.
A ball python comes into view.
A worm comes into view.
Found a stone staircase leading down.
Found a stone staircase leading up.
Found 11 gold pieces.
The ball python bites you. The ball python barely misses you.
The kobold hits you with a +0 dagger. The worm bites you.
The kobold closely misses you.
The ball python bites you but does no damage.
The ball python closely misses you.
Found 3 poisoned darts.
The kobold hits you with a +0 dagger. The ball python completely misses you.
The ball python misses you.
You barely miss the kobold. You barely miss the ball python.
The kobold hits you with a +0 dagger. The ball python closely misses you.
The ball python grabs you. The ball python constricts you.
You slash the kobold!
You kill the kobold!
Beogh accepts your kill.
You hit the ball python.
You kill the ball python!
Beogh accepts your kill.
You hit the worm.
The worm is lightly wounded.
You hit the worm.
The worm is moderately wounded.
The worm bites you!
* * * LOW HITPOINT WARNING * * *
You hit the worm.
The worm is heavily wounded.
The worm bites you.
You die...

.. ## ... ..
...###### .. #
...$....# .##.#
........###...(.
.<..........##..
.........>......
.......@...#..#
.......w.....<#
...........#..#.
.........###....
....###..##.....
##....#........#
##..#.#...#....#
.........##..###
#........# ..#


You could see a worm.

Vanquished Creatures
  A bat (D:1)
  An endoplasm (D:2)
  3 goblins
  A kobold (D:2)
  2 ball pythons (D:2)
  A frilled lizard (D:3)
9 creatures vanquished.

Vanquished Creatures (others)
  An orc (D:3)
1 creature vanquished.

Grand Total: 10 creatures vanquished

Notes
Turn   | Place    | Note
-------+----------+-------------------------------------------
     0 | D:1      | gzilladon the Hill Orc Monk began the quest for the Orb.
     0 | D:1      | Reached XP level 1. HP: 19/19 MP: 1/1
   105 | D:3      | Found a hide-covered altar of Uskayaw.
   148 | D:3      | Noticed an orc priest
   149 | D:3      | Noticed an orc priest
   149 | D:3      | Noticed an orc priest
   150 | D:3      | Became a worshipper of Beogh the Brigand
   150 | D:3      | Reached * piety under Beogh
   150 | D:3      | Reached ** piety under Beogh
   217 | D:2      | Reached XP level 2. HP: 25/27 MP: 2/2
   253 | D:2      | Slain by a worm

Illustrated notes

Levels and vault maps discovered:
D:1:      minmay_arrival_plants_in_alcoves, layout_rooms, serial_shops, shop,
          chequers_serial_rivers_large_b
D:2:      layout_rooms, hellmonk_ecumenical_altar_leap_of_faith,
          minmay_door_square, nicolae_concentric_dashed_squares_mild
D:3:      cheibrodos_fertilizer, layout_basic, lemuel_tele_altar,
          lemuel_zombie_altar_yredelemnul, serial_shops,
          nicolae_shop_behind_doors, serial_rivers,
          chequers_serial_rivers_small_a, chequers_serial_rivers_micro_c,
          chequers_serial_rivers_room_a, chequers_serial_rivers_micro_e,
          chequers_serial_rivers_small_a, kennysheep_generic_room_9

Action                   || total
-------------------------++-------
Melee: Hand axe          ||    20
Invok: Convert to Beogh  ||     1
Armor: Leather armour    ||     5
Dodge: Dodged            ||    25
